 Dungeon Crawl Stone Soup version 0.30.1 (webtiles) character file.

Game seed: 8645599484631613627

2924 Graphine the Frost Mage (level 9, -1/102 HPs)
             Began as a Merfolk Ice Elementalist on July 9, 2023.
             Was an Initiate of Gozag.
             Slain by Beaer's ghost (17 damage)
             ... on level 7 of the Dungeon.
             The game lasted 00:20:07 (7454 turns).

Graphine the Frost Mage (Merfolk Ice Elementalist)  Turns: 7454, Time: 00:20:08

Health: -1/102     AC: 14    Str: 14    XL:     9   Next: 79%
Magic:  10/16      EV: 15    Int: 18    God:    Gozag
Gold:   238        SH:  0    Dex: 14    Spells: 3/17 levels left

rFire   + . .        s - staff of cold "Rit Duoz" {rC+ Str+5}
rCold   + . .        (no shield)
rNeg    . . .        a - +0 robe
rPois   .            (no helmet)
rElec   .            (no cloak)
rCorr   .            e - +2 pair of gloves
SInv    .            (no boots)
Will    +....        (no amulet) Stlth
                     v - ring of willpower
HPRegen 0.37/turn    p - ring of protection from fire
MPRegen 0.15/turn

%: no passive effects
@: berserking, ice-armoured, gold aura, freezing walls, very quick
A: (nimble swimmer 2), mertail
a: Renounce Religion, Potion Petition, Call Merchant, Bribe Branch


You were on level 7 of the Dungeon.
You worshipped Gozag.
Gozag was aware of your devotion.
You visited 2 branches of the dungeon, and saw 8 of its levels.

You collected 357 gold pieces.
You paid 119 gold pieces to Gozag.

Inventory:

Hand Weapons
 f - a +3 long sword of holy wrath
 k - a +1 dagger of venom
 y - a +2 dagger of speed
Armour
 a - a +0 robe (worn)
 e - a +2 pair of gloves (worn)
Magical Staves
 s - the staff of cold "Rit Duoz" (weapon) {rC+ Str+5}
   (You acquired it on level 4 of the Dungeon)

   [staff of cold]

   Base accuracy: +5 Base damage: 5 Base attack delay: 1.2 This weapon's minimum
   attack delay (0.6) is reached at skill level 12.
   Str:       It affects your strength (+5).
   rC:        It protects you from cold.
   It falls into the 'Staves' category.
   It is a one-handed weapon.
Jewellery
 i - a ring of protection from cold
 p - a ring of protection from fire (right hand)
 v - a ring of willpower (left hand)
 x - a ring of protection from cold
 A - a ring of fire
 D - a ring of poison resistance
Wands
 u - a wand of quicksilver (1)
 w - a wand of flame (13)
 B - a wand of charming (12)
Scrolls
 c - 5 scrolls of teleportation
 d - a scroll of immolation
 h - a scroll of vulnerability
 l - 2 scrolls of poison
 C - a scroll of noise {unknown}
 F - a scroll of enchant weapon
 G - a scroll of identify
Potions
 b - a potion of magic
 g - 9 potions of curing
 m - 3 potions of mutation
 n - 2 potions of attraction
 o - a potion of flight
 q - 2 potions of berserk rage
 r - a potion of haste
 t - 2 potions of invisibility
 z - a potion of cancellation {unknown}
 E - a potion of degeneration {unknown}


   Skills:
 + Level 5.3 Fighting
 - Level 4.2 Long Blades
 + Level 4.0(4.8) Polearms
 + Level 2.4(3.0) Staves
 + Level 7.0 Dodging
 - Level 2.1 Stealth
 + Level 4.9 Spellcasting
 * Level 9.2 Ice Magic
 + Level 2.9 Evocations


You had 3 spell levels left.
You knew the following spells:

 Your Spells              Type           Power      Damage    Failure   Level
a - Freeze                Ice            100%       1d10      1%          1
b - Frozen Ramparts       Ice            100%       1d16      1%          3
c - Ozocubu's Armour      Ice            54%        N/A       1%          3
d - Ozocubu's Refrigerat  Ice            27%        4d13      95%         7

Your spell library contained the following spells:

 Spells                   Type           Power      Damage    Failure   Level
 Inner Flame              Hex/Fire       4%         N/A       38%         3
 Summon Ice Beast         Ice/Summ       31%        N/A       21%         4
 Yara's Violent Unravell  Hex/Tmut       2%         3d3       98%         5
 Enfeeble                 Hex            2%         N/A       100%        7


Dungeon Overview and Level Annotations

Branches:
Dungeon (7/15)             Temple (1/1) D:7

Altars:
Ashenzari
Cheibriados
Dithmenos
Elyvilon
Fedhas
Gozag
Hepliaklqana
Nemelex Xobeh
Okawaru
Qazlal
Ru
Sif Muna
Trog
Uskayaw
Vehumet
Xom
Yredelemnul
Zin

Shops:
D:5 *

Annotations:
D:7 1 transporter, Beaer's ghost, novice HOFi


Innate Abilities, Weirdness & Mutations

((You are very nimble when in or above water. (Stealth+, EV+, Speed+++)))
Your lower body shifts to a powerful aquatic tail in water.


Message History

You feel much better.
The quasit resists.
The wall freezes the quasit.
You kill the quasit!
The quasit resists.
The wall freezes the quasit.
The wall freezes Beaer's ghost but does no damage.
Beaer's ghost hits you but does no damage.
A red film seems to cover your vision as you go berserk!
You feel yourself moving faster!
You feel mighty!
The quasit resists.
The wall freezes the quasit.
You kill the quasit!
The wall freezes Beaer's ghost!
Beaer's ghost closely misses you.
Your Polearms skill increases to level 4!
You hit Beaer's ghost. You freeze Beaer's ghost!
Beaer's ghost is moderately damaged.
You hit Beaer's ghost but do no damage.
Beaer's ghost is moderately damaged.
The wall freezes Beaer's ghost but does no damage.
Beaer's ghost hits you!!
You hear a chilling moan.
You barely miss Beaer's ghost.
Beaer's ghost is moderately damaged.
The wall freezes Beaer's ghost.
Beaer's ghost is distracted by your dazzling golden aura.
You hit Beaer's ghost but do no damage. You freeze Beaer's ghost!
Beaer's ghost is no longer distracted by gold.
Beaer's ghost is heavily damaged.
You completely miss Beaer's ghost.
Beaer's ghost is heavily damaged.
The wall freezes Beaer's ghost but does no damage.
Beaer's ghost hits you but does no damage.
You are electrocuted!!
* * * LOW HITPOINT WARNING * * *
You hit Beaer's ghost but do no damage.
Beaer's ghost is heavily damaged.
The wall freezes Beaer's ghost!
Beaer's ghost closely misses you.
You barely miss Beaer's ghost.
Beaer's ghost is severely damaged.
The wall freezes Beaer's ghost but does no damage.
Beaer's ghost hits you!
You die...
Your body crumbles into a pile of gold.

#.# ###......)### #......
#.###...#####...## #......
#######.#...###...###..# #......
......#.#.#.#©......##.# #......
.####.#.#.#.#...#.#..#.# #.....)
.# #.#.#...#...#.#..#.#####.....
.####.#.#..##.#.....##...........
.'......#..#.#.$W#.$#...###....#.
.####.###..# #@.=(#©..# #....#.
.# #......##..$..#$#..## #....#.
.# #####..©#.#...#?##.# ##'#.##
.# ##.##..##.#. #.## #.#.## ##
#.#...#.!.#.#..## #(#...
#.##..?.#..##...# #.####
#..##......#..#.# #.####
##..#####.##.##.###.....
##.....###..##...###...


You could see Beaer's ghost.

Vanquished Creatures
  The ghost of Graphine the Ducker, a novice MfEn (D:5)
  A hornet (D:7)
  Eustachio (D:4)
  A steam dragon (D:7)
  Duvessa (D:4)
  2 water moccasins
  5 black bears
  A hornet zombie (D:5)
  A scorpion (D:5)
  2 bullfrogs
  Dowan (D:4)
  A howler monkey (D:5)
  3 quasits (D:7)
  3 orc priests
  4 hounds
  A jelly (D:5)
  A gnoll bouda (D:7)
  2 sleepcaps
  Jessica (D:2)
  2 bullfrog skeletons (D:5)
  2 orc wizards
  Natasha (thrice) (D:3)
  3 iguanas (D:4)
  Terence (D:3)
  12 gnolls
  11 adders
  A shadow imp (D:3)
  An ufetubus (D:5)
  4 worms
  20 orcs
  4 ball pythons
  6 endoplasms
  A giant cockroach (D:3)
  7 goblins
  4 hobgoblins
  2 jackals (D:1)
  5 quokkas
  11 bats
  3 frilled lizards
  4 kobolds
  21 rats
161 creatures vanquished.

Notes
Turn   | Place    | Note
-------+----------+-------------------------------------------
     0 | D:1      | Graphine the Merfolk Ice Elementalist began the quest for
                  | the Orb.
     0 | D:1      | Reached XP level 1. HP: 13/13 MP: 3/3
   251 | D:1      | Reached XP level 2. HP: 20/20 MP: 5/5
   793 | D:2      | Noticed Jessica
   798 | D:2      | Killed Jessica
   799 | D:2      | Reached skill level 1 in Fighting
   799 | D:2      | Reached skill level 1 in Long Blades
   799 | D:2      | Reached XP level 3. HP: 22/26 MP: 4/6
   866 | D:2      | Learned a level 3 spell: Frozen Ramparts
   989 | D:2      | Reached skill level 5 in Ice Magic
  1019 | D:2      | Reached XP level 4. HP: 29/32 MP: 2/7
  1856 | D:3      | Learned a level 3 spell: Ozocubu's Armour
  1868 | D:3      | Reached XP level 5. HP: 12/37 MP: 3/8
  2008 | D:3      | Noticed Terence
  2027 | D:3      | Killed Terence
  2205 | D:3      | Noticed Natasha
  2213 | D:3      | Killed Natasha
  2305 | D:3      | Reached XP level 6. HP: 33/44 MP: 6/10
  2437 | D:3      | Noticed Natasha
  2444 | D:3      | Killed Natasha
  2445 | D:3      | Reached skill level 6 in Ice Magic
  2482 | D:3      | Noticed Natasha
  2491 | D:3      | Killed Natasha
  3141 | D:4      | Reached XP level 7. HP: 38/51 MP: 8/11
  3289 | D:4      | Noticed Eustachio
  3297 | D:4      | Killed Eustachio
  3614 | D:4      | Reached skill level 5 in Dodging
  3769 | D:4      | Noticed Duvessa
  3770 | D:4      | Noticed Dowan
  3783 | D:4      | Killed Duvessa
  3795 | D:4      | Killed Dowan
  3796 | D:4      | Reached skill level 7 in Ice Magic
  4023 | D:4      | Reached XP level 8. HP: 59/59 MP: 10/13
  4250 | D:4      | Identified a scroll of acquirement
  4250 | D:4      | Acquired the staff of cold "Rit Duoz" {rC+ Str+5}
  4301 | D:5      | Entered Level 5 of the Dungeon
  4363 | D:5      | Found Anay's Assorted Antiques.
  4403 | D:5      | Reached skill level 1 in Polearms
  4580 | D:5      | Found a runed translucent gate.
  4581 | D:5      | Found a runed translucent gate.
  4582 | D:5      | Found a runed translucent gate.
  4601 | D:5      | Noticed Graphine's ghost (novice MfEn)
  4617 | D:5      | Killed Graphine's ghost
  4618 | D:5      | Reached skill level 1 in Staves
  4618 | D:5      | Reached skill level 8 in Ice Magic
  4618 | D:5      | Reached skill level 1 in Evocations
  4991 | D:5      | Reached XP level 9. HP: 62/66 MP: 7/15
  5894 | D:6      | Learned a level 7 spell: Ozocubu's Refrigeration
  6436 | D:7      | Noticed a hornet
  6441 | D:7      | Killed a hornet
  6442 | D:7      | Reached skill level 5 in Fighting
  6660 | D:7      | Noticed Beaer's ghost (novice HOFi)
  6679 | D:7      | Found a transporter.
  6701 | D:7      | Reached skill level 9 in Ice Magic
  6851 | D:7      | Found a staircase to the Ecumenical Temple.
  6881 | Temple   | Entered the Ecumenical Temple
  7063 | Temple   | Became a worshipper of Gozag Ym Sagoz the Greedy
  7160 | D:7      | Found a transporter.
  7454 | D:7      | Slain by Beaer's ghost

Illustrated notes

Levels and vault maps discovered:
D:1:      evilmike_arrival_rings, layout_basic, minmay_misc_feat_rugged
D:2:      layout_loops_cross, serial_glass, glass_columns_a, glass_columns_b,
          uniq_jessica
D:3:      layout_rooms, uniq_terence, uniq_natasha
D:4:      minmay_diamond_boxcup, layout_loops_cross, kennysheep_big_empty_room,
          nrook_mini_backslash, minmay_rat_hole, uniq_duvessa, uniq_eustachio
D:5:      layout_gridville, gammafunk_ghost_necromancy, serial_shops, shop,
          chequers_serial_rivers_micro_b
D:6:      layout_cave_pools
D:7:      layout_basic, minmay_temple_entry_trees, gammafunk_ghost_stat_death
Temple:   dpeg_five_rooms_temple

Skill      XL: |  1  2  3  4  5  6  7  8  9 |
---------------+----------------------------+-----
Dodging        | 3 4 5 6 7 |  7.0
Fighting       | 1 2 3 4 5 |  5.3
Long Blades    | 1 2 3 4 |  4.2
Ice Magic      | 5 6 7 8 9 |  9.2
Spellcasting   | 3 4 |  4.9
Polearms       | 2 4 |  4.0
Staves         | 1 2 |  2.4
Evocations     | 1 2 |  2.9
Stealth        | |  2.1

Action                     |  1- 3 |  4- 6 |  7- 9 || total
---------------------------+-------+-------+-------++-------
  Melee: Unarmed           |    11 |       |       ||    11
         Long sword        |    32 |   104 |    75 ||   211
         Punch             |       |     1 |     2 ||     3
         Staff             |       |       |    70 ||    70
   Cast: Freeze            |     8 |    15 |    23 ||    46
         Frozen Ramparts   |     4 |    11 |    31 ||    46
         Ozocubu's Armour  |       |     1 |    11 ||    12
  Evoke: Wand              |       |       |     8 ||     8
    Use: Scroll            |       |    11 |     7 ||    18
         Potion            |       |       |     3 ||     3
   Stab: Sleeping          |     1 |     2 |     6 ||     9
 Armour: Robe              |     8 |    15 |    66 ||    89
  Dodge: Dodged            |    40 |    77 |   154 ||   271
